 Dungeon Crawl Stone Soup version 0.25-a0-24-g72dcfe0359 (webtiles) character file.

Game seed: 411476777119089757, levelgen mode: deterministic

97 serch the Poker (level 4, 0/41 HPs)
             Began as a Minotaur Berserker on Oct 17, 2019.
             Was a Believer of Trog.
             Slain by Crazy Yiuf
             ... wielding a +4 quarterstaff of chaos
              (10 damage)
             ... while paralysed by Crazy Yiuf
             ... on level 3 of the Dungeon.
             The game lasted 00:22:41 (1404 turns).

serch the Poker (Minotaur Berserker)                Turns: 1404, Time: 00:22:42

Health: 0/41       AC:  6    Str: 22    XL:     4   Next: 42%
Magic:  3/3        EV:  2    Int:  4    God:    Trog [**....]
Gold:   49         SH:  0    Dex: 10    Spells: 3/3 levels left

rFire    . . .     SeeInvis .   B - +0 flail
rCold    . . .     Gourm    .   u - +0 buckler
rNeg     . . .     Faith    .   l - +0 scale mail
rPois    .         Spirit   .   (helmet restricted)
rElec    .         Reflect  .   (no cloak)
rCorr    .         Harm     .   (no gloves)
MR       .....                  (no boots)
Stlth    ..........             (no amulet)
HPRegen  0.13/turn              (no ring)
MPRegen  0.08/turn              (no ring)

@: paralysed, lethally poisoned (0 -> -3), lightly drained
A: retaliatory headbutt, horns 2
a: Berserk, Trog's Hand, Renounce Religion


You were on level 3 of the Dungeon.
You worshipped Trog.
Trog was pleased with you.
You were not hungry.

You visited 1 branch of the dungeon, and saw 3 of its levels.

You collected 49 gold pieces.

Inventory:

Hand Weapons
 a - a +0 spear
 c - a +0 club
 g - a +0 dagger
 h - a +0 whip
 j - a +0 club
 n - a +0 club
 o - a +0 dagger
 p - a +0 hand axe
 q - a +0 club
 B - a +0 flail (weapon)
Missiles
 f - 85 stones (quivered)
 t - 49 arrows
 z - 4 boomerangs
Armour
 b - a +0 animal skin
 e - a +0 ring mail
 k - a +0 cloak
 l - a +0 scale mail (worn)
 m - a +0 robe
 r - a +0 leather armour
 u - a +0 buckler (worn)
 w - a +0 robe
 x - a +0 robe
Jewellery
 y - an uncursed ring of resist corrosion {unknown}
Wands
 A - a wand of iceblast (7)
Potions
 d - 2 potions of curing {unknown}
 i - 2 potions of heal wounds {unknown}
 s - a potion of haste {unknown}
 v - a potion of degeneration {unknown}


   Skills:
 + Level 4.3(4.1) Fighting
 + Level 4.7(4.5) Polearms
 + Level 3.2(3.0) Armour
 + Level 3.1(2.9) Dodging
 + Level 0.2(0.0) Shields


You had 3 spell levels left.
You didn't know any spells.
Your spell library was empty.

Dungeon Overview and Level Annotations

Branches:
Dungeon (3/15)

Altars:
Trog

Annotations:
D:3 Crazy Yiuf


Innate Abilities, Weirdness & Mutations

You reflexively headbutt those who attack you in melee.
You have a pair of horns on your head.


Message History

There are no items here.
You open the door.
There are no items here.
You hit Crazy Yiuf but do no damage. You headbutt Crazy Yiuf.
Crazy Yiuf is lightly wounded.
Crazy Yiuf waves his quarterstaff at you.
Crazy Yiuf hits you but does no damage.
You suddenly lose the ability to move!
Crazy Yiuf hits you with a +4 quarterstaff of chaos!
Crazy Yiuf burns you. Crazy Yiuf hits you but does no damage.
You are poisoned.
You feel sick.
Crazy Yiuf says, "Aardvark!"
Crazy Yiuf hits you with a +4 quarterstaff of chaos!
* * * LOW HITPOINT WARNING * * *
Crazy Yiuf says, "Citrus wrapper Xom!"
Crazy Yiuf hits you but does no damage.
You feel drained.
You feel sick.
Crazy Yiuf hits you with a +4 quarterstaff of chaos!
You die...

... ##.## ....##
.....## ......###
........##♣♣♣♣♣
......##.#..♣.♣♣♣ ###
.............♣..♣#...#
............♣♣♣♣@g...#
....?##..#.♣♣ ♣♣#..)#
.....#####♣♣ ###
......# †.....#
......# †.....#
......# .....##


You could see Crazy Yiuf.

Vanquished Creatures
  4 adders (D:2)
  A worm (D:2)
  A dart slug (D:1)
  3 leopard geckos
  6 bats
  2 giant cockroaches
  7 goblins
  7 hobgoblins
  7 jackals (D:1)
  A quokka (D:2)
  3 frilled lizards (D:1)
  6 kobolds
  2 rats
  4 fungi (D:1)
54 creatures vanquished.

Notes
Turn   | Place    | Note
-------+----------+-------------------------------------------
     0 | D:1      | serch the Minotaur Berserker began the quest for the Orb.
     0 | D:1      | Reached XP level 1. HP: 19/19 MP: 0/0
   272 | D:1      | Reached XP level 2. HP: 20/27 MP: 1/1
   491 | D:1      | Reached ** piety under Trog
   491 | D:1      | Reached XP level 3. HP: 27/33 MP: 2/2
   895 | D:2      | Reached XP level 4. HP: 8/41 MP: 3/3
   897 | D:2      | Found a bloodstained altar of Trog.
  1249 | D:2      | Found a faded altar of an unknown god.
  1388 | D:3      | Found a runed translucent door.
  1389 | D:3      | Noticed Crazy Yiuf
  1399 | D:3      | Paralysed by Crazy Yiuf for 6 turns
  1404 | D:3      | Slain by Crazy Yiuf

Levels and vault maps discovered:
D:1:      tarquinn_simple_flora_water_f, layout_basic, hex_large
D:2:      layout_rooms, chequers_ecumenical_altar_grove,
          trog_three_pillars_becter
D:3:      layout_rooms, old_standard_altar, uniq_ijyb, uniq_crazy_yiuf_cottage

Skill      XL: |  1  2  3  4 |
---------------+-------------+-----
Fighting       | 4 |  4.3
Polearms       | 4 |  4.7
Armour         | 3 |  3.2
Dodging        | 3 |  3.1
Shields        | |  0.2

Action                   |  1- 3 |  4- 6 || total
-------------------------+-------+-------++-------
Melee: Spear             |   157 |    43 ||   200
       Headbutt          |    32 |    11 ||    43
       Flail             |       |     1 ||     1
Invok: Trog's Hand       |       |     1 ||     1
  Eat: Ration            |     1 |       ||     1
Armor: Animal skin       |     2 |       ||     2
       Ring mail         |     7 |       ||     7
       Scale mail        |    37 |    20 ||    57
Dodge: Dodged            |    61 |    21 ||    82
Block: Buckler           |       |     4 ||     4

Table legend:
 A = Non-vault XP
 B = Vault XP
 C = Vault XP percentage of total XP
 D = Non-vault monster count
 E = Vault monster count
 F = Vault count percentage of total count
                 A         B        C        D         E       F
            +---------+---------+-------+---------+---------+-------
      Total |     139 |       0 |   0.0 |      50 |       0 |   0.0
            +---------+---------+-------+---------+---------+-------
        D:1 |      45 |       0 |   0.0 |      25 |       0 |   0.0
        D:2 |      88 |       0 |   0.0 |      22 |       0 |   0.0
        D:3 |       6 |       0 |   0.0 |       3 |       0 |   0.0
            +---------+---------+-------+---------+---------+-------
